 Dungeon Crawl Stone Soup version 0.23.2-1-ga50397a (webtiles) character file.

Game seed: 11494063666255755144

563 Leeroy the Skirmisher (level 7, -1/67 HPs)
             Began as a Green Draconian Conjurer on Apr 14, 2019.
             Slain by a hippogriff (3 damage)
             ... on level 4 of the Dungeon.
             The game lasted 00:11:02 (3471 turns).

Leeroy the Skirmisher (Green Draconian Conjurer)    Turns: 3471, Time: 00:11:03

Health: -1/67      AC:  6    Str: 12    XL:     7   Next: 10%
Magic:  0/17       EV: 15    Int: 23    God:
Gold:   233        SH:  0    Dex: 11    Spells: 10/20 levels left

rFire    . . .     SeeInvis .   t - +0 dagger (venom)
rCold    . . .     Gourm    .   (no shield)
rNeg     . . .     Faith    .   (armour unavailable)
rPois    +         Spirit   .   (helmet restricted)
rElec    .         Reflect  .   (no cloak)
rCorr    .         Harm     .   (no gloves)
MR       .....                  (no boots)
Stlth    ++........             (no amulet)
HPRegen  0.21/turn              (no ring)
MPRegen  0.15/turn              (no ring)

@: brilliant
A: breathe noxious fumes, unfitting armour, poison resistance, strong 1,
cold-blooded, subdued magic 1, AC +6
a: Breathe Noxious Fumes


You were on level 4 of the Dungeon.
You were not hungry.

You visited 1 branch of the dungeon, and saw 4 of its levels.

You collected 233 gold pieces.

Inventory:

Hand Weapons
 h - a +0 whip
 r - a +0 dagger
 t - a +0 dagger of venom (weapon)
 y - a +0 short sword
 A - a +0 hunting sling
Missiles
 e - 226 stones (quivered)
 f - 4 tomahawks
 i - 121 bolts
 k - 22 arrows
 n - 26 sling bullets
 w - 6 needles of confusion
Jewellery
 v - an uncursed amulet of regeneration {unknown}
 x - an uncursed ring of ice {unknown}
Scrolls
 g - 4 scrolls of identify
 l - 2 scrolls of teleportation {unknown}
 p - 2 scrolls of enchant weapon {unknown}
 u - a scroll of immolation {unknown}
 z - a scroll of enchant armour {unknown}
 B - a scroll of noise {unknown}
Potions
 a - a potion of curing
 d - a potion of brilliance
 m - a potion of lignification {unknown}
 s - a potion of flight {unknown}
Comestibles
 b - 8 rations
 C - 2 chunks of flesh


   Skills:
 - Level 7.9 Fighting
 - Level 1.1 Short Blades
 - Level 6.8 Dodging
 - Level 1.7 Stealth
 - Level 7.2 Spellcasting
 + Level 6.7 Conjurations


You had 10 spell levels left.
You knew the following spells:

 Your Spells              Type           Power        Failure   Level  Hunger
a - Magic Dart            Conj           ####         1%          1    None
b - Searing Ray           Conj           #####.       1%          2    None
c - Dazzling Spray        Conj/Hex       ####..       1%          3    None
d - Iskenderun's Mystic   Conj           #####...     1%          4    ###....

Your spell library contained the following spells:

 Spells                   Type           Power        Failure   Level  Hunger
 Force Lance              Conj/Tloc      ####....     1%          4    ###....
 Fulminant Prism          Conj/Hex       ####......   1%          4    ###....


Dungeon Overview and Level Annotations

Branches:
Dungeon (4/15)
 Temple: D:4-7

Altars:
Ru
The Shining One


Innate Abilities, Weirdness & Mutations

You can breathe blasts of noxious fumes.
Your lurid green scales are hard. (AC +6)
You cannot fit into any form of body armour.
Your system is resistant to poisons. (rPois)
You are cold-blooded and may be slowed by cold attacks.
Your muscles are strong. (Str +2)
Your spells are a little easier to cast, but a little less powerful.


Message History

The hippogriff pecks you.
* * * LOW HITPOINT WARNING * * *
The hippogriff completely misses you.
Casting: Dazzling Spray (safe; 6% risk of failure)
Confirm with . or Enter, or press ? or * to list all spells.
Aiming: Dazzling Spray (safe; 6% risk of failure)
Press: ? - help, Shift-Dir - straight line, f/p - hippogriff
Aim: a hippogriff (moderately wounded)
The spray of energy hits the hippogriff.
The hippogriff is moderately wounded.
The hippogriff misses you.
The hippogriff pecks you but does no damage.
The hippogriff claws you.
* * * LOW HITPOINT WARNING * * *
It was a potion of brilliance.
You feel clever all of a sudden. The hippogriff closely misses you.
The hippogriff pecks you but does no damage.
The hippogriff claws you.
You die...

#.###..#.....S##########
#.#....#.##.#.<........#
#.#.#....[..######.....#
#.#....####.# #.###.#
#.......###.# #S# #..
#.##........# #.# #..
#.##.##S##### #.# #..
#.##.##H# #######.# #..
#.##.##@# #.....#.# #..
#.##.##.# #.....#.# #..
#.......# #.......###..
#####.### #.....####...
#.# #.....# #... #.#
####### #... #.# ##..
#.# ##. #.########## #.


You could see a hippogriff and an adder.

Vanquished Creatures
  A scorpion (D:4)
  A centaur skeleton (D:4)
  A worker ant (D:4)
  Robin (D:2)
  A gnoll (D:2)
  4 adders
  A white imp (D:4)
  An ooze (D:1)
  A worm (D:2)
  4 dart slugs
  3 leopard geckos
  3 orcs (D:4)
  13 bats
  8 giant cockroaches
  14 goblins
  16 hobgoblins
  6 kobolds
  6 quokkas
  A ball python (D:1)
  8 frilled lizards
  A goblin skeleton (D:4)
  4 hobgoblin zombies (D:4)
  A jackal skeleton (D:4)
  A kobold skeleton (D:4)
  A kobold zombie (D:4)
  An orc skeleton (D:4)
  6 rats
109 creatures vanquished.

Notes
Turn   | Place    | Note
-------+----------+-------------------------------------------
     0 | D:1      | Leeroy the Draconian Conjurer began the quest for the Orb.
     0 | D:1      | Reached XP level 1. HP: 14/14 MP: 3/3
   431 | D:1      | Reached XP level 2. HP: 8/20 MP: 1/5
   501 | D:1      | Learned a level 2 spell: Searing Ray
   964 | D:1      | Reached skill level 5 in Conjurations
   967 | D:1      | Reached XP level 3. HP: 11/26 MP: 1/6
   972 | D:1      | Learned a level 3 spell: Dazzling Spray
  1168 | D:1      | Reached skill level 1 in Fighting
  1427 | D:2      | Reached XP level 4. HP: 26/35 MP: 4/8
  1684 | D:2      | Reached skill level 1 in Short Blades
  1940 | D:2      | Noticed Robin
  1981 | D:2      | Killed Robin
  2367 | D:2      | Reached XP level 5. HP: 40/40 MP: 9/9
  2373 | D:2      | Learned a level 4 spell: Iskenderun's Mystic Blast
  2435 | D:3      | Found a sacrificial altar of Ru.
  3235 | D:4      | Reached XP level 6. HP: 32/47 MP: 10/10
  3241 | D:4      | Found a glowing golden altar of the Shining One.
  3431 | D:4      | Noticed a hippogriff
  3462 | D:4      | Gained mutation: Your muscles are strong. (Str +2) [potion
                  | of mutation]
  3462 | D:4      | Gained mutation: Your spells are a little easier to cast,
                  | but a little less powerful. [potion of mutation]
  3462 | D:4      | Gained mutation: Your system is resistant to poisons.
                  | (rPois) [potion of mutation]
  3463 | D:4      | Your scales start taking on a lurid green colour.
  3463 | D:4      | Reached XP level 7. HP: 13/67 MP: 8/17
  3463 | D:4      | Mutation became permanent: Your system is resistant to
                  | poisons. (rPois) [Green Draconian growth]
  3463 | D:4      | Gained mutation: Your system is resistant to poisons.
                  | (rPois) [Green Draconian growth]
  3470 | D:4      | HP: 2/67 [hippogriff (3)]
  3471 | D:4      | Slain by a hippogriff

Skill      XL: |  1  2  3  4  5  6 |
---------------+-------------------+-----
Conjurations   | 5 6 |  6.7
Fighting       | 1 7 |  7.9
Spellcasting   | 3 7 |  7.2
Short Blades   | 1 |  1.1
Dodging        | 6 |  6.8
Stealth        | |  1.7

Action                   |  1- 3 |  4- 6 |  7- 9 || total
-------------------------+-------+-------+-------++-------
Melee: Unarmed           |    28 |       |       ||    28
       Tailslap          |     9 |    35 |       ||    44
       Whip              |    64 |       |       ||    64
       Dagger            |       |   227 |       ||   227
       Short sword       |       |     9 |       ||     9
 Cast: Magic Dart        |    16 |    21 |       ||    37
       Searing Ray       |    12 |     9 |       ||    21
       Dazzling Spray    |       |       |     3 ||     3
  Use: Scroll            |     2 |       |       ||     2
       Potion            |       |     5 |     1 ||     6
 Stab: Sleeping          |       |     1 |       ||     1
  Eat: Chunk             |     3 |     7 |       ||    10
Armor: Skin              |    33 |    83 |     3 ||   119
Dodge: Dodged            |    75 |   179 |     9 ||   263
